 Dungeon Crawl Stone Soup version 0.29.1-15-g9cfb28693d (webtiles) character file.

Game seed: 13229100055535719599

7056 buriedalive the Nimble (level 10, -3/68 HPs)
             Began as a Deep Elf Ice Elementalist on Apr 18, 2023.
             Was a Priest of Ashenzari.
             Slain by a freezing wraith (16 damage)
             ... on level 10 of the Dungeon.
             The game lasted 00:31:52 (13549 turns).

buriedalive the Nimble (Deep Elf Ice Elementalist) Turns: 13549, Time: 00:31:54

Health: -3/68      AC: 17    Str:  4    XL:     10   Next: 83%
Magic:  20/21      EV: 19    Int: 35    God:    Ashenzari [***...]
Gold:   537        SH:  0    Dex: 20    Spells: 13/22 levels left

rFire   + . .      SeeInvis +   z - +2 dagger "I Knew You'd Do That" {venom, Comp, Cun} (curse)
rCold   . . .      Faith    .   (no shield)
rNeg    . . .      Spirit   .   r - +1 leather armour of Curses and Power {rF+, Elem, Self} (curse)
rPois   .          Reflect  .   w - +1 helmet
rElec   .          Harm     .   (no cloak)
rCorr   .          Rampage  .   q - +1 pair of gloves "Astral Doubts" {Fort, Elem} (curse)
Will    +....      Clarity  +   (no boots)
Stlth   +++.......              (no amulet)
HPRegen 0.21/turn               d - ring "Omniscient Seer" {Dex+6, Melee, Evo} (curse)
MPRegen 0.17/turn               n - ring of Ashenzari's Negligence {Int+6, Alch, Comp} (curse)

@: ice-armoured, slowed, very slow
A: hooves 1, clever 1
a: Renounce Religion, Shatter the Chains


You were on level 10 of the Dungeon.
You worshipped Ashenzari.
Ashenzari was most pleased with you.
You visited 2 branches of the dungeon, and saw 11 of its levels.

You collected 537 gold pieces.

Inventory:

Hand Weapons
 z - the cursed +2 dagger "I Knew You'd Do That" (weapon) {venom, Comp, Cun}
   (You took it off an orc wizard on level 4 of the Dungeon)

   It poisons the flesh of those it strikes.
   It has a curse which improves the following skills: Companions: Summonings
   and Necromancy.
   Cunning:   Dodging and Stealth.
 B - a +1 short sword of holy wrath
Missiles
 c - 86 stones
 l - 15 poisoned darts
Armour
 q - the cursed +1 pair of gloves "Astral Doubts" (worn) {Fort, Elem}
   (You found it on level 2 of the Dungeon)

   It has a curse which improves the following skills: Fortitude: Armour and
   Shields.
   Elements:  Fire Magic, Ice Magic, Air Magic and Earth Magic.
 r - the cursed +1 leather armour of Curses and Power (worn) {rF+, Elem, Self}
   (You found it on level 2 of the Dungeon)

   It has a curse which improves the following skills: Elements: Fire Magic, Ice
   Magic, Air Magic and Earth Magic.
   Introspection: Fighting and Spellcasting.
 w - a +1 helmet (worn)
Magical Staves
 p - a staff of fire
 C - a staff of earth
Jewellery
 d - the cursed ring "Omniscient Seer" (left hand) {Dex+6, Melee, Evo}
   (You found it on level 1 of the Dungeon)

   [ring of dexterity]

   Dex:       It affects your dexterity (+6).
   It has a curse which improves the following skills: Melee Combat: Short
   Blades, Long Blades, Axes, Maces & Flails, Polearms, Staves and Unarmed
   Combat.
   Evocations: Evocations.
 i - a ring of flight
 m - a ring of fire
 n - the cursed ring of Ashenzari's Negligence (right hand) {Int+6, Alch, Comp}
   (You found it on level 2 of the Dungeon)

   [ring of intelligence]

   Int:       It affects your intelligence (+6).
   It has a curse which improves the following skills: Alchemy: Poison Magic and
   Transmutations.
   Companions: Summonings and Necromancy.
 F - a ring of positive energy
Wands
 a - a wand of mindburst (6)
Scrolls
 h - 4 scrolls of teleportation
 j - a scroll of fog
 k - a scroll of magic mapping
 t - a scroll of fear
 x - 2 scrolls of brand weapon
 y - a scroll of amnesia
Potions
 b - a potion of magic
 e - a potion of haste
 f - a potion of berserk rage
 g - 3 potions of brilliance
 o - 2 potions of flight
 s - a potion of lignification
 u - a potion of resistance
 v - a potion of attraction
 A - a potion of curing


   Skills:
 + Level 8.2(9.9) Fighting
 - Level 10.8(12.4) Dodging
 - Level 2.4(3.7) Stealth
 - Level 5.0(6.5) Spellcasting
 - Level 6.0 Translocations
 - Level 9.9(12.3) Ice Magic


You had 13 spell levels left.
You knew the following spells:

 Your Spells              Type           Power      Damage    Failure   Level
a - Freeze                Ice            100%       1d11      1%          1
b - Ozocubu's Armour      Ice            78%        N/A       1%          3
c - Frozen Ramparts       Ice            100%       1d16      1%          3
d - Blink                 Tloc           100%       N/A       1%          2

Your spell library contained the following spells:

 Spells                   Type           Power      Damage    Failure   Level
 Ensorcelled Hibernation  Hex/Ice        100%       N/A       1%          2
 Lesser Beckoning         Tloc           52%        N/A       1%          3
 Hailstorm                Conj/Ice       53%        3d12      4%          4
 Foxfire                  Conj/Fire      48%        2x1d6     6%          1
 Slow                     Hex            44%        N/A       6%          1
 Manifold Assault         Tloc           52%        N/A       16%         5
 Vampiric Draining        Necr           13%        2d6       17%         3
 Confusing Touch          Hex            11%        N/A       19%         3
 Conjure Flame            Conj/Fire      12%        6-21      19%         3
 Inner Flame              Hex/Fire       12%        N/A       19%         3
 Spider Form              Tmut/Pois      12%        N/A       19%         3
 Anguish                  Hex/Necr       6%         N/A       52%         4
 Flame Wave               Conj/Fire      12%        2d6       52%         4


Dungeon Overview and Level Annotations

Branches:
Dungeon (10/15)            Temple (1/1) D:5            Lair (0/5) D:10
    Orc: D:9-12

Altars:
Ashenzari
Cheibriados
Dithmenos
Elyvilon
Fedhas
Gozag
Hepliaklqana
Kikubaaqudgha
Makhleb
Nemelex Xobeh
Okawaru
Qazlal
Ru
Sif Muna
Trog
Uskayaw
Vehumet
Wu Jian
Xom
Yredelemnul
Zin
The Shining One

Shops:
D:3 :


Innate Abilities, Weirdness & Mutations

You have large cloven feet.
Your mind is acute. (Int +4, Str/Dex -1)


Message History

The freezing wraith barely misses you. x2
Unknown command.
Aiming: Mindburst
Press: ? - help, Shift-Dir - straight line, f/p - freezing wraith
Aim: a freezing wraith (severely damaged, chance to affect: 47%)
The freezing wraith resists with some effort.
The freezing wraith misses you.
The freezing wraith closely misses you. x3
Unknown command.
Hit: z) +2 dagger "I Knew You'd Do That" {venom, Comp, Cun} (curse)
Press: ? - help, Dir - move target, f/p - freezing wraith
Aim: a freezing wraith (severely damaged, about 29% to evade the cursed +2 dagger "I Knew You'd Do That")
Okay, then.
Hit: z) +2 dagger "I Knew You'd Do That" {venom, Comp, Cun} (curse)
Press: ? - help, Dir - move target, f/p - freezing wraith
Aim: a freezing wraith (severely damaged, about 29% to evade the cursed +2 dagger "I Knew You'd Do That")
Okay, then.
Hit: z) +2 dagger "I Knew You'd Do That" {venom, Comp, Cun} (curse)
Press: ? - help, Dir - move target, p - freezing wraith
Okay, then.
Aiming: Bolt of Light
Press: ? - help, Shift-Dir - straight line, f/p - freezing wraith
Aim: a freezing wraith (severely damaged, 71% to hit)
The bolt of light hits the freezing wraith.
The freezing wraith is almost destroyed.
The freezing wraith is blinded.
The now-empty wand crumbles to dust.
The freezing wraith barely misses you. The freezing wraith misses you.
Aiming: Mindburst
Press: ? - help, Shift-Dir - straight line, f/p - freezing wraith
Aim: a freezing wraith (almost destroyed, blind, chance to affect: 47%)
The freezing wraith resists with some effort.
The freezing wraith closely misses you. x2
The freezing wraith barely misses you. The freezing wraith misses you.
Unknown command.
You hit the freezing wraith but do no damage.
Your kick misses the freezing wraith.
The freezing wraith is almost destroyed.
The freezing wraith hits you.
* * * LOW HITPOINT WARNING * * *
The freezing wraith freezes you!
You die...

#########################
...........#....#......... , *
##...########...#..........
#...# #...#........#.#.#.
#...# #...#.............. ,
##...# #...#..[.....#.#.#.
.#...# #...@W.............,
##...# #####........#.#.#.
#...# #...#.............. ,
#...# #...#........#.#.#.
#...# #...'..............
#...########...#........#.....
#...#........##.....#...######
#...########..<.#.#.#........#
#...# #........#........#.


You could see a freezing wraith (blind).

Vanquished Creatures
  A wizard (D:9)
  A cyclops (D:10)
  A kobold demonologist (D:10)
  Grinder (D:4)
  A wyvern (D:9)
  6 yaks (D:10)
  3 steam dragons
  Duvessa (D:7)
  3 orc warriors
  2 ice beasts
  3 ogres
  4 centaurs
  3 phantoms
  A kobold brigand (D:7)
  Blork the orc (D:5)
  2 bullfrogs
  2 scorpions
  13 wights
  Dowan (D:7)
  18 killer bees
  5 howler monkeys
  3 vampire bats (D:4)
  4 hounds
  3 orc priests
  A jelly (D:7)
  3 iguanas
  9 orc wizards
  4 gnolls
  8 adders
  A white imp (D:7)
  A worm (D:4)
  8 dart slugs
  24 orcs
  8 endoplasms
  4 giant cockroaches
  14 goblins
  6 hobgoblins
  2 jackals (D:4)
  12 kobolds
  2 quokkas (D:4)
  13 ball pythons
  10 bats
  5 frilled lizards
  6 rats
224 creatures vanquished.

Vanquished Creatures (others)
  46 plants (D:4)
46 creatures vanquished.

Grand Total: 270 creatures vanquished

Notes
Turn   | Place    | Note
-------+----------+-------------------------------------------
     0 | D:1      | buriedalive the Deep Elf Ice Elementalist began the quest
                  | for the Orb.
     0 | D:1      | Reached XP level 1. HP: 10/10 MP: 6/6
   514 | D:1      | Found a faded altar of an unknown god.
   519 | D:1      | Reached XP level 2. HP: 11/15 MP: 5/8
   683 | D:1      | Reached skill level 3 in Dodging
  1772 | D:2      | Reached XP level 3. HP: 19/19 MP: 10/10
  2217 | D:2      | Learned a level 3 spell: Ozocubu's Armour
  2221 | D:2      | Learned a level 3 spell: Frozen Ramparts
  2552 | D:3      | Found Koediepto's Book Shop.
  2588 | D:3      | Reached skill level 5 in Ice Magic
  2676 | D:3      | Reached XP level 4. HP: 24/24 MP: 6/12
  2693 | D:3      | Reached skill level 4 in Dodging
  3078 | D:3      | Reached XP level 5. HP: 28/28 MP: 11/14
  3291 | D:3      | Found an opulent altar of Gozag.
  3322 | D:3      | Found a bloodstained altar of Trog.
  3325 | D:3      | Found a blossoming altar of Fedhas.
  3650 | D:4      | Reached skill level 5 in Spellcasting
  3709 | D:4      | Noticed an ogre
  3737 | D:4      | Killed an ogre
  3738 | D:4      | Reached skill level 5 in Dodging
  3738 | D:4      | Reached XP level 6. HP: 29/32 MP: 3/15
  4408 | D:4      | Found a hazy altar of Hepliaklqana.
  4416 | D:4      | Found a sparkling altar of Nemelex Xobeh.
  4432 | D:4      | Found a white marble altar of Elyvilon.
  4432 | D:4      | Found a basalt altar of Yredelemnul.
  4674 | D:4      | Noticed Grinder
  4682 | D:4      | Paralysed by Grinder for 4 turns
  4693 | D:4      | HP: 1/32 [Grinder (4)]
  4694 | D:4      | Paralysed by Grinder for 2 turns
  4698 | D:4      | Killed Grinder
  4699 | D:4      | Reached skill level 6 in Dodging
  4699 | D:4      | Reached XP level 7. HP: 22/36 MP: 3/16
  5389 | D:4      | You fall into a shaft and drop 3 floors!
  5407 | D:7      | Reached skill level 7 in Dodging
  5460 | D:7      | Noticed Duvessa
  5462 | D:7      | Noticed Dowan
  5593 | D:5      | Entered Level 5 of the Dungeon
  5593 | D:5      | Noticed Blork the orc
  5597 | D:5      | Killed Blork the orc
  6004 | D:5      | Reached XP level 8. HP: 41/41 MP: 10/17
  6115 | D:5      | Reached skill level 8 in Dodging
  6315 | D:5      | Reached skill level 1 in Fighting
  7023 | D:5      | Found a staircase to the Ecumenical Temple.
  7029 | Temple   | Entered the Ecumenical Temple
  7039 | Temple   | Became a worshipper of Ashenzari the Shackled
  8016 | D:7      | Killed Duvessa
  8017 | D:7      | Reached skill level 9 in Dodging
  8019 | D:7      | Killed Dowan
  8159 | D:7      | Reached XP level 9. HP: 51/51 MP: 15/19
  8872 | D:7      | Reached * piety under Ashenzari
  8873 | D:7      | Gained mutation: You have a pair of small horns on your
                  | head. [potion of mutation]
  9711 | D:7      | Learned a level 2 spell: Blink
  9919 | D:8      | Reached skill level 10 in Dodging
 10048 | D:8      | Reached skill level 1 in Translocations
 10550 | D:8      | Reached skill level 5 in Fighting
 11089 | D:8      | Reached ** piety under Ashenzari
 11262 | D:9      | Reached XP level 10. HP: 61/61 MP: 21/21
 11813 | D:9      | Noticed a wizard
 11821 | D:9      | Reached skill level 5 in Translocations
 11822 | D:9      | Killed a wizard
 11903 | D:9      | Noticed a large abomination
 11903 | D:9      | Noticed a large abomination
 11903 | D:9      | Noticed a large abomination
 11918 | D:10     | Entered Level 10 of the Dungeon
 12061 | D:10     | Found a staircase to the Lair.
 12094 | D:10     | Noticed a seven-headed hydra
 12115 | D:10     | Reached *** piety under Ashenzari
 12783 | D:10     | Lost mutation: You have a pair of small horns on your head.
                  | [potion of mutation]
 12783 | D:10     | Gained mutation: You are strong-willed. (Will+) [potion of
                  | mutation]
 12783 | D:10     | Gained mutation: You have large cloven feet. [potion of
                  | mutation]
 12783 | D:10     | Gained mutation: You have hoof-like feet. [potion of
                  | mutation]
 12784 | D:10     | Lost mutation: You have hoof-like feet. [potion of
                  | mutation]
 12784 | D:10     | Lost mutation: You are strong-willed. (Will+) [potion of
                  | mutation]
 12784 | D:10     | Lost mutation: You have large cloven feet. [potion of
                  | mutation]
 12784 | D:10     | Gained mutation: Your mind is acute. (Int +4, Str/Dex -1)
                  | [potion of mutation]
 12784 | D:10     | Gained mutation: You have large cloven feet. [potion of
                  | mutation]
 13199 | D:10     | Noticed a sun demon
 13217 | D:10     | Noticed an orange demon
 13369 | D:10     | Noticed a seven-headed hydra
 13441 | D:10     | Noticed a cyclops
 13465 | D:10     | Killed a cyclops
 13549 | D:10     | Slain by a freezing wraith

Illustrated notes

Levels and vault maps discovered:
D:1:      matt_arrival_spirals, layout_basic,
          hellmonk_ecumenical_altar_lost_god, serial_aquarium,
          aquarium_bridge_island_small [aquarium_subvault_small_water,
          aquarium_subvault_wall, aquarium_subvault_wall,
          aquarium_subvault_bridge, aquarium_subvault_window],
          aquarium_window_corridor_1, aquarium_window_2, aquarium_window_2,
          aquarium_view_2d, aquarium_pool_four, chequers_decorated_corner
D:2:      layout_basic
D:3:      layout_rooms, minmay_overflow_temple_star_quad, serial_shops,
          nicolae_shop_waterfront, chequers_serial_rivers_small_3
D:4:      minmay_chambers_of_fours, layout_basic, minitemple,
          serial_bayou_lagoon_a, roderic_batcave, minmay_circle_x, uniq_grinder
D:5:      layout_basic, minmay_temple_entry_trees, kennysheep_decorative_pillar,
          uniq_blork_the_orc
D:6:      layout_rooms
D:7:      layout_cave_pools, lightli_bailey_entry_fortress, serial_bayou_pond_d,
          minmay_fractal_squares_gapless_5, uniq_duvessa
D:8:      layout_cave_pools
D:9:      layout_rooms, minivault_25_ag, laboratory
D:10:     nzn_winding_woodlands_small [nzn_winding_woodlands_5x15_split_checker,
          nzn_winding_woodlands_center_triple_pond,
          nzn_winding_woodlands_5x15_default], layout_grid_maze,
          lair_entry_dummy, serial_co_window_serial, co_window_paths_b,
          co_window_paths_a, co_window_paths_a, co_window_cross_1,
          co_window_cross_1, co_window_broadway_c, co_window_broadway_b,
          co_window_broadway_c, co_window_unsneaky_path_e, co_window_2corner,
          glass_columns_a, glass_columns_a, glass_columns_c, glass_columns_b
Temple:   nicolae_temple_no_exploring_needed

Skill      XL: |  1  2  3  4  5  6  7  8  9 10 |
---------------+-------------------------------+-----
Dodging        | 3 4 5 6 7 9 10 | 10.8
Spellcasting   | 4 5 |  5.0
Ice Magic      | 5 6 7 8 9 |  9.9
Fighting       | 3 5 8 |  8.2
Translocations | 3 6 |  6.0
Stealth        | |  2.4

Action                   |  1- 3 |  4- 6 |  7- 9 | 10-12 || total
-------------------------+-------+-------+-------+-------++-------
Melee: Unarmed           |     6 |       |       |       ||     6
       Dagger            |    46 |    30 |   182 |    64 ||   322
       Short sword       |     2 |       |       |       ||     2
       Headbutt          |       |       |    33 |    14 ||    47
       Punch             |       |       |     1 |     1 ||     2
       Kick              |       |       |       |    11 ||    11
Throw: Dart              |       |     1 |     2 |     1 ||     4
 Cast: Freeze            |    50 |    26 |    32 |     8 ||   116
       Frozen Ramparts   |     1 |     8 |    39 |    11 ||    59
       Ozocubu's Armour  |       |     3 |    27 |    11 ||    41
Invok: Curse Item        |       |       |     3 |     2 ||     5
Evoke: Wand              |       |     5 |    25 |    15 ||    45
  Use: Scroll            |     3 |     4 |     8 |     1 ||    16
       Potion            |       |     2 |     6 |     3 ||    11
 Stab: Sleeping          |     8 |       |     4 |     1 ||    13
       Invisible         |       |       |       |     1 ||     1
Armor: Robe              |    11 |       |       |       ||    11
       Leather armour    |     4 |    17 |    86 |    31 ||   138
Dodge: Dodged            |    48 |    41 |   308 |   112 ||   509
